 Dungeon Crawl Stone Soup version 0.30-a0-862-g1aabd4f9c5 (webtiles) character file.

Game seed: 12989940906984079473

2427 Dittersdorf the Shield-Bearer (level 9, 0/57 HPs)
             Began as a Gargoyle Fighter on Mar 9, 2023.
             Slain by a boulder beetle (11 damage)
             ... on level 6 of the Dungeon.
             The game lasted 00:06:43 (5610 turns).

Dittersdorf the Shield-Bearer (Gargoyle Fighter)    Turns: 5610, Time: 00:06:43

Health: 0/57       AC: 16    Str: 30    XL:     9   Next: 48%
Magic:  0/9        EV:  7    Int:  9    God:
Gold:   1556       SH: 14    Dex: 12    Spells: 8/8 levels left

rFire   . . .      SeeInvis .    w - +4 flail (heavy)
rCold   . . .      Faith    .    k - +0 tower shield
rNeg    + . .      Spirit   +    a - +1 ring mail {Will+}
rPois   ∞          Reflect  .    (no helmet)
rElec   +          Rampage  .    (no cloak)
rCorr   .                        g - +1 pair of gloves {Dex+3}
Will    ++...                    (no boots)
Stlth   +                        n - amulet of guardian spirit
HPRegen 0.29/turn                e - +6 ring of strength
MPRegen 0.11/turn                h - ring of willpower

@: no status effects
A: sickness immunity, AC +6, negative energy resistance 1, electricity
resistance, torment resistance 1, petrification resistance
a: no special abilities


You were on level 6 of the Dungeon.
You visited 1 branch of the dungeon, and saw 7 of its levels.
You also visited: Ossuary.

You collected 1556 gold pieces.

Inventory:

Hand Weapons
 w - a +4 heavy flail (weapon)
Armour
 a - a +1 ring mail of willpower (worn)
 b - a +0 plate armour
 g - a +1 pair of gloves of dexterity (worn)
 k - a +0 tower shield (worn)
Jewellery
 e - a +6 ring of strength (left hand)
 h - a ring of willpower (right hand)
 n - an amulet of guardian spirit (around neck)
 u - a ring of fire
Wands
 p - a wand of roots (3)
Scrolls
 j - a scroll of poison
 l - a scroll of enchant armour {unknown}
 m - 3 scrolls of teleportation
Potions
 c - a potion of mutation
 d - 3 potions of might
 f - 4 potions of curing
 i - 3 potions of berserk rage
 o - 2 potions of flight {unknown}
 q - 2 potions of brilliance {unknown}
 r - 2 potions of attraction {unknown}
 s - 4 potions of degeneration {unknown}
 t - a potion of magic {unknown}
 v - a potion of lignification {unknown}
 x - a potion of invisibility {unknown}


   Skills:
 + Level 7.5 Fighting
 + Level 6.5 Maces & Flails
 + Level 7.6 Armour
 + Level 7.6 Shields


You had 8 spell levels left.
You didn't know any spells.
Your spell library contained the following spells:

 Spells                   Type           Power      Damage    Failure   Level
 Beastly Appendage        Tmut           0%         N/A       99%         1
 Magic Dart               Conj           0%         1d3       99%         1
 Call Imp                 Summ           0%         N/A       100%        2
 Wereblood                Tmut           0%         N/A       100%        2
 Mephitic Cloud           Conj/Pois/Air  0%         N/A       100%        3
 Spider Form              Tmut/Pois      0%         N/A       100%        3


Dungeon Overview and Level Annotations

Branches:
Dungeon (7/15)            Ossuary (visited)
 Temple: D:4-7

Altars:


Innate Abilities, Weirdness & Mutations

You are immune to sickness and miasma.
Your stone body is resilient. (AC +6)
You are immune to poison.
You resist negative energy. (rN+)
You are resistant to electric shocks. (rElec)
You are resistant to unholy torment.
You are immune to petrification.


Message History

You kill the troll!
The wraith closely misses you.
The boulder beetle curls into a ball and begins rolling!
The wraith attacks as you move away! You block the wraith's attack.
You block the boulder beetle's attack.
The boulder beetle stops rolling and uncurls.
The boulder beetle bites you!
The boulder beetle attacks as you move away!
You block the boulder beetle's attack. The wraith attacks as you move away!
You block the wraith's attack.
Items here: )) [ ††.
The wraith attacks as you move away! You block the wraith's attack.
There is a stone staircase leading up here.
The boulder beetle bites you!
You climb upwards.
There is a stone staircase leading down here.
You hit the boulder beetle.
The boulder beetle is lightly wounded.
The boulder beetle bites you but does no damage.
The boulder beetle leaps!
Aiming: Fastroot
Press: ? - help, Shift-Dir - straight line The roots erupt in riotous growth!
Roots grab the boulder beetle.
The grasping roots constrict the boulder beetle, but do no damage.
The boulder beetle escapes!
The boulder beetle curls into a ball and begins rolling!
You bludgeon the boulder beetle!!
The boulder beetle is moderately wounded.
You block the boulder beetle's attack.
The boulder beetle stops rolling and uncurls.
The boulder beetle bites you!
* * * LOW HITPOINT WARNING * * *
You hit the boulder beetle.
The boulder beetle is moderately wounded.
The boulder beetle waves its antennae.
The boulder beetle bites you!
* * * LOW HITPOINT WARNING * * *
The boulder beetle bites you!
You die...

##.........#### #...........
#.............## #...........
#..............## #...........
#...............####..........
#..................#..........
##...#............##...........
##...###...........###.#........
#....# #............##.#......##
##....####.....B@....##.##...###
#......# #............#.######
#......####...[.......#.#
#.......###....>......#.#
#........###....).......#
#........###............#
#.........###.........#.#
##........####.......##.#
#.........# ###.....##.##


You could see a boulder beetle.

Vanquished Creatures
  A troll (D:7)
  Grinder (D:6)
  A yak (D:7)
  Edmund (D:5)
  Menkaure (D:6)
  A water moccasin (D:7)
  Duvessa (D:6)
  A black bear (D:5)
  An orc warrior (D:6)
  An ice beast (D:6)
  3 ogres
  A phantom (D:5)
  2 elf zombies (Ossuary)
  2 scorpions
  Dowan (D:6)
  A howler monkey (D:6)
  4 hounds
  2 orc priests (D:6)
  An iguana (D:7)
  2 orc wizards
  A hound zombie (Ossuary)
  4 mummies (Ossuary)
  6 adders
  An adder zombie (Ossuary)
  2 worms (D:3)
  3 dart slugs
  14 orcs
  10 ball pythons
  8 endoplasms
  5 giant cockroaches
  7 hobgoblins
  5 jackals
  A quokka (D:4)
  5 bats
  2 frilled lizards (D:1)
  4 goblins
  A goblin zombie (Ossuary)
  A hobgoblin zombie (Ossuary)
  9 kobolds
  3 kobold zombies (Ossuary)
  An orc zombie (Ossuary)
  3 rats
  2 rat zombies (Ossuary)
127 creatures vanquished.

Notes
Turn   | Place    | Note
-------+----------+-------------------------------------------
     0 | D:1      | Dittersdorf the Gargoyle Fighter began the quest for the
                  | Orb.
     0 | D:1      | Reached XP level 1. HP: 14/14 MP: 1/1
   255 | D:1      | Reached XP level 2. HP: 12/19 MP: 2/2
   844 | D:1      | Reached XP level 3. HP: 19/23 MP: 3/3
  2359 | D:3      | Reached XP level 4. HP: 29/29 MP: 4/4
  2879 | D:4      | Identified a scroll of acquirement
  2879 | D:4      | Acquired a +1 pair of gloves of dexterity
  2938 | D:4      | Found a sand-covered staircase.
  2945 | Ossuary  | Entered an ossuary
  2963 | Ossuary  | Reached XP level 5. HP: 15/33 MP: 5/5
  2980 | Ossuary  | Reached XP level 6. HP: 25/39 MP: 6/6
  3344 | D:4      | Reached skill level 5 in Armour
  3374 | D:4      | Reached skill level 5 in Fighting
  3374 | D:4      | Reached skill level 5 in Shields
  3374 | D:4      | Reached XP level 7. HP: 42/44 MP: 5/7
  3704 | D:5      | Entered Level 5 of the Dungeon
  4324 | D:6      | Noticed Menkaure
  4324 | D:6      | Noticed Edmund
  4354 | D:5      | Killed Edmund
  4355 | D:5      | Reached XP level 8. HP: 6/51 MP: 1/8
  4520 | D:6      | Killed Menkaure
  4521 | D:6      | Reached skill level 5 in Maces & Flails
  4721 | D:6      | Noticed Duvessa
  4724 | D:6      | Noticed Dowan
  4729 | D:6      | Killed Duvessa
  4729 | D:6      | Noticed Grinder
  4735 | D:6      | Killed Dowan
  4774 | D:6      | Killed Grinder
  5071 | D:6      | Reached XP level 9. HP: 56/56 MP: 9/9
  5524 | D:7      | Acquired 1163 gold pieces
  5573 | D:7      | Noticed a troll
  5573 | D:7      | Noticed a boulder beetle
  5573 | D:7      | Noticed a two-headed ogre
  5574 | D:7      | Noticed a boulder beetle
  5591 | D:7      | Killed a troll
  5610 | D:6      | Slain by a boulder beetle

Illustrated notes

Levels and vault maps discovered:
D:1:      dpeg_chamrin_arrival_tetris, layout_loops_corners, serial_forest,
          infiniplex_forest_clump_medium, infiniplex_forest_lined_corner,
          infiniplex_forest_lined_3, infiniplex_forest_straight_3,
          infiniplex_forest_lined_3_way, infiniplex_forest_straight_4
D:2:      layout_loops_corners
D:3:      layout_basic, fountainhead
D:4:      layout_rooms, chequers_ossuary_entry_cave, minmay_quantized
D:5:      layout_rooms, hangedman_decor_push
D:6:      layout_cave_pods, uniq_menkaure, uniq_grinder, uniq_duvessa,
          uniq_edmund
D:7:      minmay_the_grid_square_5x5_3x3
          [minmay_the_grid_square_5x5_fancy_junction,
          minmay_the_grid_square_5x5_v, minmay_the_grid_square_5x5_lines,
          minmay_the_grid_square_5x5_spiral_small,
          minmay_the_grid_square_5x5_megaprize_diamond,
          minmay_the_grid_square_5x5_z, minmay_the_grid_square_5x5_inset,
          minmay_the_grid_square_5x5_bracketed,
          minmay_the_grid_square_5x5_forky], layout_gridville,
          minmay_temple_entry_glassed_door, serial_shops, kennysheep_mini_moat,
          minmay_misc_feat_room, uniq_prince_ribbit1

Skill      XL: |  1  2  3  4  5  6  7  8  9 |
---------------+----------------------------+-----
Armour         | 4 5 7 |  7.6
Fighting       | 4 5 6 7 |  7.5
Maces & Flails | 3 4 5 6 |  6.5
Shields        | 4 5 6 7 |  7.6

Action                     |  1- 3 |  4- 6 |  7- 9 || total
---------------------------+-------+-------+-------++-------
  Melee: Flail             |   135 |   134 |   155 ||   424
  Evoke: Wand              |       |       |     1 ||     1
    Use: Scroll            |       |     3 |     9 ||    12
         Potion            |       |     1 |       ||     1
 Armour: Scale mail        |    85 |   208 |    74 ||   367
         Ring mail         |       |       |    26 ||    26
  Dodge: Dodged            |    61 |    90 |    52 ||   203
  Block: Buckler           |    15 |       |       ||    15
         Tower shield      |    43 |   179 |   170 ||   392

Table legend: (Time is in decaauts)
 A = Elapsed time spent in this place.
 B = Non-inter-level travel time spent in this place.
 C = Inter-level travel time spent in this place.
 D = Time resting spent in this place.
 E = Time spent auto-exploring this place.
 F = Levels seen in this place.
 G = Mean time per level.
                   A        B        C        D        E       F      G
               +--------+--------+--------+--------+--------+-----+--------+
         Total |   5880 |   5655 |    225 |    238 |   4147 |   8 |  735.0 |
       Dungeon |   5594 |   5369 |    225 |    238 |   4001 |   7 |  799.1 |
       Ossuary |    285 |    285 |      0 |      0 |    146 |   1 |  285.0 |
               +--------+--------+--------+--------+--------+-----+--------+

Top non-repeatable levels by time:
     D:1: 1173 daAuts
     D:6: 1016 daAuts
     D:3: 930 daAuts
     D:2: 898 daAuts
     D:5: 695 daAuts
     D:4: 650 daAuts
 Ossuary: 285 daAuts
     D:7: 229 daAuts
